 Dungeon Crawl Stone Soup version 0.20.0-8-g6b59dc7 (webtiles) character file.

471 Locuples the Shield-Bearer (level 7, -7/54 HPs)
             Began as a Formicid Fighter on May 31, 2017.
             Was a Follower of Trog.
             Killed from afar by an electric eel (12 damage)
             ... with a bolt of electricity
             ... on level 7 of the Dungeon.
             The game lasted 00:14:54 (4036 turns).

Locuples the Shield-Bearer (Formicid Fighter)       Turns: 4036, Time: 00:14:55

Health: -7/54      AC: 12    Str: 23    XL:     7   Next: 31%
Magic:  7/7        EV:  5    Int:  7    God:    Trog [*.....]
Gold:   248        SH: 10    Dex: 10    Spells: 6/6 levels left

rFire    . . .     SeeInvis +   a - +0 war axe
rCold    . . .     Gourm    .   c - +0 shield
rNeg     . . .     Faith    +   e - +0 plate armour
rPois    .         Spirit   .   (helmet unavailable)
rElec    .         Reflect  .   (no cloak)
rCorr    .         Harm     .   (no gloves)
MR       .....                  (no boots)
Stlth    ..........             u - amulet of faith
Regen    0.2/turn               (no ring)
MPRegen  0.1/turn               (no ring)

@: flying
A: permanent stasis, dig shafts and tunnels, four strong arms, antennae 3
a: Dig, Shaft Self, Burn Spellbooks, Renounce Religion


You were on level 7 of the Dungeon.
You worshipped Trog.
Trog was aware of your devotion.
You were not hungry.

You visited 2 branches of the dungeon, and saw 7 of its levels.

You collected 248 gold pieces.

Inventory:

Hand Weapons
 a - a +0 war axe (weapon)
Armour
 c - a +0 shield (worn)
 e - a +0 plate armour (worn)
Jewellery
 u - an amulet of faith (around neck)
Wands
 w - a wand of lightning (7/15)
 x - a wand of acid (5/15)
Scrolls
 b - a scroll of fear {unknown}
 d - a scroll of recharging {unknown}
 g - 8 scrolls of identify {unknown}
 l - a scroll of magic mapping {unknown}
 m - 2 scrolls of blinking {unknown}
 p - 2 scrolls of teleportation {unknown}
 t - a scroll of remove curse {unknown}
 v - a scroll of amnesia {unknown}
Potions
 h - a potion of curing
 i - a potion of flight
 j - a potion of cancellation {unknown}
 o - a potion of heal wounds
 q - 2 potions of agility {unknown}
 r - a potion of mutation {unknown}
 s - a potion of lignification {unknown}
Comestibles
 f - 2 bread rations
 k - 2 royal jellies
 n - 2 meat rations


   Skills:
 + Level 4.2 Fighting
 + Level 4.8 Axes
 + Level 4.6 Armour
 + Level 0.6 Stealth
 + Level 5.9 Shields


You had 6 spell levels left.
You didn't know any spells.

Dungeon Overview and Level Annotations

Branches:
Dungeon (5/15)             Temple (1/1) D:4

Altars:
Ashenzari
Cheibriados
Dithmenos
Elyvilon
Fedhas
Gozag
Hepliaklqana
Kikubaaqudgha
Makhleb
Nemelex Xobeh
Okawaru
Qazlal
Ru
Sif Muna
Trog
Uskayaw
Vehumet
Xom
Yredelemnul
Zin

Annotations:
D:5 Eustachio; JarielCorvus's ghost, novice DEVM


Innate Abilities, Weirdness & Mutations

You cannot be hasted, slowed, berserked, paralysed or teleported.
You can dig through walls and to a lower floor.
Your four strong arms can wield two-handed weapons with a shield.
You have a pair of large antennae on your head. (SInv)


Message History

The bolt of electricity misses you.
You slash the orc!
You kill the orc!
Trog accepts your kill.
An electric eel comes into view.
You hit the orc.
The orc is moderately wounded.
Your shield and plate armour prevent you from hitting the orc.
The orc hits you but does no damage. x3; You block the orc's attack.
The electric eel shoots out a bolt of lightning at you!
The bolt of electricity hits the electric eel.
The electric eel completely resists.
The bolt of electricity hits the orc.
The orc dies!
The bolt of electricity hits you!
* * * LOW HITPOINT WARNING * * *
The electric eel shoots out a bolt of lightning at you!
The bolt of electricity hits the orc.
The orc dies!
The bolt of electricity hits you!
You die...

#. #. #. {
#.#### ###....
. #..... ...
#....###....
#...@.......
#...)).#%#..
.......)o.#
###..........
...............
#.......;≈PP...
....#...≈≈PPP≈.
....#...;P≈≈≈≈≈
... ....≈P≈≈P≈≈


You could see 2 electric eels and an orc.

Vanquished Creatures
  A big kobold (D:4)
  An orc priest (D:3)
  An orc wizard (D:3)
  Terence (D:2)
  Natasha (thrice) (D:2)
  2 worker ants (D:4)
  9 adders
  2 worms
  A dart slug (D:2)
  4 leopard geckos
  13 orcs
  8 bats
  A giant cockroach (D:3)
  5 goblins
  6 hobgoblins
  7 jackals (D:3)
  2 quokkas
  A ball python (D:1)
  6 frilled lizards
  25 kobolds
  A leopard gecko skeleton (D:4)
  9 rats
  2 plants (D:4)
111 creatures vanquished.

Vanquished Creatures (others)
  3 orcs (D:7)
3 creatures vanquished.

Grand Total: 114 creatures vanquished

Notes
Turn   | Place    | Note
-------+----------+-------------------------------------------
     0 | D:1      | Locuples the Formicid Fighter began the quest for the Orb.
     0 | D:1      | Reached XP level 1. HP: 18/18 MP: 1/1
   357 | D:1      | Reached XP level 2. HP: 20/24 MP: 2/2
   675 | D:1      | Reached skill level 4 in Shields
   877 | D:2      | Reached XP level 3. HP: 23/29 MP: 3/3
  1209 | D:2      | Reached XP level 4. HP: 35/35 MP: 4/4
  1246 | D:2      | Found a shattered altar of Ashenzari.
  1247 | D:2      | Found an opulent altar of Gozag.
  1247 | D:2      | Noticed Natasha
  1288 | D:2      | Killed Natasha
  1364 | D:2      | Found a shadowy altar of Dithmenos.
  1415 | D:2      | Noticed Terence
  1441 | D:2      | Noticed Natasha
  1442 | D:2      | Killed Terence
  1442 | D:2      | Reached XP level 5. HP: 32/42 MP: 5/5
  1453 | D:2      | Killed Natasha
  1464 | D:2      | Found an ancient bone altar of Kikubaaqudgha.
  1567 | D:2      | Found a glowing silver altar of Zin.
  1625 | D:2      | Noticed Natasha
  1630 | D:2      | Killed Natasha
  1728 | D:2      | Found an opulent altar of Gozag.
  2101 | D:3      | Reached skill level 5 in Shields
  2224 | D:3      | Reached XP level 6. HP: 48/48 MP: 6/6
  2280 | D:3      | Found a snail-covered altar of Cheibriados.
  2889 | D:4      | Found an iron altar of Okawaru.
  3020 | D:4      | Found a staircase to the Ecumenical Temple.
  3029 | Temple   | Entered the Ecumenical Temple
  3277 | Temple   | Became a worshipper of Trog the Wrathful
  3441 | D:4      | Found an iron altar of Okawaru.
  3463 | D:4      | Reached XP level 7. HP: 54/54 MP: 7/7
  3526 | D:4      | Reached * piety under Trog
  4012 | D:5      | Entered Level 5 of the Dungeon
  4012 | D:5      | Noticed Eustachio
  4012 | D:5      | Noticed JarielCorvus's ghost (novice DEVM)
  4031 | D:5      | You are sucked into a shaft for 2 floors!
  4036 | D:7      | Killed from afar by an electric eel

Skill      XL: |  1  2  3  4  5  6 |
---------------+-------------------+-----
Shields        | 4 5 |  5.9
Axes           | 3 4 |  4.8
Armour         | 4 |  4.6
Fighting       | 4 |  4.2
Stealth        | |  0.6

Action                   |  1- 3 |  4- 6 |  7- 9 || total
-------------------------+-------+-------+-------++-------
Melee: War axe           |   124 |   213 |    53 ||   390
       Unarmed           |       |    25 |       ||    25
 Abil: Dig               |       |    15 |     1 ||    16
       Shaft Self        |       |       |     1 ||     1
  Use: Potion            |       |     2 |     4 ||     6
  Eat: Chunk             |     1 |    11 |     1 ||    13
       Bread ration      |       |       |     1 ||     1
Armor: Plate armour      |    91 |   118 |    48 ||   257
       Scale mail        |     6 |       |       ||     6
       Skin              |       |     2 |       ||     2
Dodge: Dodged            |    32 |    69 |    18 ||   119
Block: Shield            |    74 |   148 |    47 ||   269
